 Dungeon Sprint DCSS version 0.27.1-33-g824d729ab1 (webtiles) character file.

Game seed: 11544561191223674547

746 manyhoops the Cleaver (level 7, -1/70 HPs)
             Began as a Deep Dwarf Berserker on Nov 28, 2021.
             Was a Believer of Trog.
             Slain by a kobold demonologist (6 damage)
             ... in the Dungeon (Sprint I: "Red Sonja").
             The game lasted 00:01:54 (629 turns).

manyhoops the Cleaver (Deep Dwarf Berserker)         Turns: 629, Time: 00:01:54

Health: -1/70      AC: -22   Str: 22    XL:     7   Next: 48%
Magic:  14/14      EV:  8    Int:  8    God:    Trog [**....]
Gold:   405        SH:  0    Dex: 12    Spells: 20/20 levels left

rFire    . . .     SeeInvis .   a - +0 hand axe
rCold    . . .     Faith    .   (no shield)
rNeg     . . .     Spirit   .   j - +0 chain mail
rPois    .         Reflect  .   (no helmet)
rElec    .         Harm     .   (no cloak)
rCorr    .         Rampage  .   (no gloves)
Will     +....     NoTele   +   (no boots)
Stlth    ..........             (no amulet)
HPRegen  0.00/turn              (no ring)
MPRegen  0.14/turn              (no ring)

@: corroded, on berserk cooldown, hasted and slowed
A: damage resistance, heal wounds, sense surroundings 1, no regeneration
a: Heal Wounds, Renounce Religion, Berserk, Trog's Hand


You were in the Dungeon.
You worshipped Trog.
Trog was pleased with you.
You visited 1 branch You collected 405 gold pieces.

Inventory:

Hand Weapons
 a - a +0 hand axe (weapon)
Armour
 b - a +0 animal skin
 j - a +0 chain mail (worn)
Wands
 i - a wand of flame (26)
Scrolls
 h - a scroll of blinking
 k - a scroll of enchant armour {unknown}
Potions
 c - a potion of curing
 d - a potion of heal wounds
 f - 2 potions of magic
 g - a potion of berserk rage


   Skills:
 + Level 6.6 Fighting
 + Level 12.8 Axes
 + Level 5.1 Armour
 - Level 2.1 Dodging
 - Level 7.1 Spellcasting


You had 20 spell levels left.
You didn't know any spells.
Your spell library was empty.

Dungeon Overview and Level Annotations

Branches:
Dungeon (1/1)

Altars:
Cheibriados
Dithmenos
Elyvilon
Fedhas
Gozag
Hepliaklqana
Kikubaaqudgha
Makhleb
Nemelex Xobeh
Okawaru
Qazlal
Ru
Sif Muna
Trog
Uskayaw
Vehumet
Wu Jian
Xom
Yredelemnul
Zin
The Shining One
Jiyva
Lugonu

Shops:
D [


Innate Abilities, Weirdness & Mutations

You are resistant to damage.
You can heal yourself by infusing magical energy.
You passively map a small area around you.
You do not regenerate.


Message History

You closely miss the iron imp.
The kobold demonologist barely misses you.
The rust devil hits you!
* * * LOW HITPOINT WARNING * * *
The rust devil corrodes you!
Unknown command.
Unknown command.
Your magical essence is drained by the effort!
You feel much better.
The kobold demonologist hits you with a +0 dagger.
* * * LOW HITPOINT WARNING * * *
The kobold demonologist gestures wildly while chanting.
The iron imp hits you.
* * * LOW HITPOINT WARNING * * *
The rust devil barely misses you.
You hit the kobold demonologist but do no damage.
The kobold demonologist is almost dead.
You hit the kobold demonologist but do no damage.
You hit the rust devil but do no damage.
You hit the iron imp but do no damage.
The kobold demonologist hits you with a +0 dagger.
* * * LOW HITPOINT WARNING * * *
The kobold demonologist hits you with a +0 dagger.
* * * LOW HITPOINT WARNING * * *
Unknown command.
Unknown command.
Unknown command.
You fail to use your ability.
The rust devil hits you.
* * * LOW HITPOINT WARNING * * *
The rust devil corrodes you!
The iron imp shouts, "Scamper away, thou infectious gravel-groveling vulture!"
The iron imp misses you.
The kobold demonologist mumbles some strange words.
The kobold demonologist closely misses you.
Unknown command.
You fail to use your ability.
The rust devil closely misses you. The iron imp hits you!
* * * LOW HITPOINT WARNING * * *
The kobold demonologist hits you with a +0 dagger!
You die...

#####################
*
.)..#..'..#__#.4@K35#
,* ,
.#..').#..'..'.5#K4.#
* *
###'#####'#__####355+,
##..#...#.####,, ####,
_####..##[# , , **
____##'#_.+≈≈ , , , ,
.∩...'..._# , , ,
..__##_.#'# + + ,
____###+#(#, , * *


You could see 2 sun demons, a rust devil (summoned), 2 kobold demonologists, a
chaos spawn (summoned), 3 iron imps and a crimson imp (summoned).

Vanquished Creatures
  A slime creature (D)
  Sigmund (D)
  A yak (D)
  A floating eye (D)
  An ogre (D)
  A jelly (D)
  Ijyb (D)
7 creatures vanquished.

Notes
Turn   | Place    | Note
-------+----------+-------------------------------------------
     0 | D        | manyhoops the Deep Dwarf Berserker began the quest for the
                  | Orb.
     0 | D        | Reached XP level 1. HP: 20/20 MP: 1/1
     1 | D        | Noticed Ijyb
    11 | D        | Killed Ijyb
    12 | D        | Reached skill level 7 in Axes
    12 | D        | Reached XP level 2. HP: 6/27 MP: 1/1
   269 | D        | Noticed an ogre
   276 | D        | Killed an ogre
   277 | D        | Reached skill level 10 in Axes
   277 | D        | Reached XP level 3. HP: 33/33 MP: 2/2
   277 | D        | Reached XP level 4. HP: 40/40 MP: 3/3
   316 | D        | Noticed Sigmund
   325 | D        | Killed Sigmund
   325 | D        | Reached ** piety under Trog
   326 | D        | Reached XP level 5. HP: 46/46 MP: 3/13
   326 | D        | Reached XP level 6. HP: 55/55 MP: 3/15
   415 | D        | Found an ornate altar of the Wu Jian Council.
   415 | D        | Found a shimmering blue altar of Sif Muna.
   417 | D        | Found a radiant altar of Vehumet.
   430 | D        | Found Ypra Tut's Armour Emporium.
   430 | D        | Found an ancient bone altar of Kikubaaqudgha.
   430 | D        | Found a hazy altar of Hepliaklqana.
   430 | D        | Found a stormy altar of Qazlal.
   430 | D        | Found a hide-covered altar of Uskayaw.
   430 | D        | Found a blossoming altar of Fedhas.
   430 | D        | Found a bloodstained altar of Trog.
   430 | D        | Found an iron altar of Okawaru.
   430 | D        | Found a basalt altar of Yredelemnul.
   430 | D        | Found a glowing golden altar of the Shining One.
   430 | D        | Found a snail-covered altar of Cheibriados.
   430 | D        | Found a sacrificial altar of Ru.
   430 | D        | Found a glowing silver altar of Zin.
   430 | D        | Found a shadowy altar of Dithmenos.
   430 | D        | Found a white marble altar of Elyvilon.
   430 | D        | Noticed a yak
   444 | D        | Killed a yak
   445 | D        | Reached skill level 5 in Fighting
   445 | D        | Reached skill level 11 in Axes
   445 | D        | Found an opulent altar of Gozag.
   446 | D        | Found a sparkling altar of Nemelex Xobeh.
   490 | D        | Found a burning altar of Makhleb.
   490 | D        | Found a viscous altar of Jiyva.
   490 | D        | Found a shimmering altar of Xom.
   490 | D        | Found a corrupted altar of Lugonu.
   490 | D        | Noticed a slime creature
   503 | D        | Killed a slime creature
   504 | D        | Reached skill level 12 in Axes
   504 | D        | Reached XP level 7. HP: 45/69 MP: 16/16
   606 | D        | Noticed a kobold demonologist
   607 | D        | Noticed a kobold demonologist
   610 | D        | Reached skill level 5 in Armour
   613 | D        | Noticed a rust devil
   624 | D        | Noticed a sun demon
   625 | D        | Noticed a sun demon
   625 | D        | HP: 1/70 [rust devil[a kobold demonologist] (9)]
   627 | D        | Noticed a chaos spawn
   629 | D        | Slain by a kobold demonologist

Illustrated notes

Levels and vault maps discovered:
D:        dungeon_sprint_1 [red_sonja_temple_1, red_sonja_temple_small_1]

Skill      XL: |  1  2  3  4  5  6  7 |
---------------+----------------------+-----
Axes           | 7 10 12 | 12.8
Spellcasting   | 7 |  7.1
Fighting       | 6 |  6.6
Armour         | 4 5 |  5.1
Dodging        | |  2.1

Action                   |  1- 3 |  4- 6 |  7- 9 || total
-------------------------+-------+-------+-------++-------
Melee: Hand axe          |    13 |    36 |    18 ||    67
Invok: Berserk           |     2 |     3 |     2 ||     7
       Trog's Hand       |       |       |     1 ||     1
 Abil: Heal Wounds       |     2 |     1 |     3 ||     6
  Use: Potion            |       |       |     1 ||     1
Armor: Chain mail        |       |     6 |     4 ||    10
Dodge: Dodged            |     3 |     6 |    14 ||    23
